 Dungeon Crawl Stone Soup version 0.25-a0-1002-gbcf8c60d55 (webtiles) character file.

Game seed: 10743976107870951944, levelgen mode: deterministic

123 Azyl the Firebug (level 4, 0/33 HPs)
             Began as a Draconian Fire Elementalist on May 11, 2020.
             Slain by Sigmund
             ... wielding a +0 scythe
              (8 damage)
             ... on level 2 of the Dungeon.
             The game lasted 00:09:07 (1998 turns).

Azyl the Firebug (Draconian Fire Elementalist)      Turns: 1998, Time: 00:09:07

Health: 0/33       AC:  5    Str: 10    XL:     4   Next: 79%
Magic:  5/7        EV: 11    Int: 17    God:
Gold:   98         SH:  4    Dex: 11    Spells: 7/8 levels left

rFire    . . .     SeeInvis .   e - +0 club
rCold    . . .     Gourm    .   f - +0 buckler
rNeg     . . .     Faith    .   (armour unavailable)
rPois    .         Spirit   .   (helmet restricted)
rElec    .         Reflect  .   (no cloak)
rCorr    .         Harm     .   (no gloves)
MR       .....                  (no boots)
Stlth    ++........             (no amulet)
HPRegen  0.11/turn              (no ring)
MPRegen  0.10/turn              (no ring)

@: no status effects
A: unfitting armour, cold-blooded, AC +5
a: no special abilities


You were on level 2 of the Dungeon.
You were not hungry.

You visited 1 branch of the dungeon, and saw 2 of its levels.

You collected 98 gold pieces.

Inventory:

Hand Weapons
 e - a +0 club (weapon)
Armour
 f - a +0 buckler (worn)
Scrolls
 a - a scroll of enchant weapon {unknown}
 c - a scroll of teleportation {unknown}
 h - 3 scrolls of remove curse {unknown}
Potions
 g - a potion of heal wounds {unknown}
 i - a potion of degeneration {unknown}
 j - a potion of lignification {unknown}
Comestibles
 b - 5 rations
 d - 5 chunks of flesh


   Skills:
 + Level 0.3 Maces & Flails
 - Level 1.7 Dodging
 - Level 1.7 Stealth
 * Level 1.6 Shields
 + Level 0.4 Unarmed Combat
 + Level 2.5 Spellcasting
 + Level 1.8 Conjurations
 * Level 4.4 Fire Magic


You had 7 spell levels left.
You knew the following spells:

 Your Spells              Type           Power        Failure   Level  Hunger
a - Foxfire               Conj/Fire      ##..         7%          1    #......

Your spell library contained the following spells:

 Spells                   Type           Power        Failure   Level  Hunger
 Conjure Flame            Conj/Fire      ##......     21%         3    ###....
 Inner Flame              Hex/Fire       #.......     28%         3    ###....
 Sticky Flame             Conj/Fire      ##......     54%         4    #####..
 Fireball                 Conj/Fire      ##........   88%         5    ######.


Dungeon Overview and Level Annotations

Branches:
Dungeon (2/15)

Altars:
Yredelemnul

Annotations:
D:2 Sigmund


Innate Abilities, Weirdness & Mutations

Your plain brown scales are hard. (AC +5)
You cannot fit into any form of body armour.
You are cold-blooded and may be slowed by cold attacks.


Message History

Confirm with . or Enter, or press ? or * to list all spells.
You don't know that spell.
Unknown command.
Press: ? - help, . - travel You can't see that place.
The bat barely misses you. The bat barely misses you.
The bat closely misses you. 2 gnolls come into view.
The gnoll shouts!
The bat hits you but does no damage.
The gnoll moves out of view. x2
The bat hits you but does no damage. x2
The gnoll shouts!
The bat closely misses you. The gnoll hits you but does no damage.
The gnoll throws a stone.
The stone hits you.
* * * LOW HITPOINT WARNING * * *
The bat hits you but does no damage.
You see here a stone.
The bat hits you but does no damage. Something hits you!
You die...

##.####.†.......### ########
..........###.##.#.#
(....^.. #######..## #.....#
######## ######..# #.###.# #
.........# #.# #.# #
#########.# ##.###.# #
.....## #.# #.#.b..# #
###.#.###.####.###.####### #
#..............@b.g.....####
#
##...##########...g........#
# #..## #.#.#####.##.# #
#..# #.#.# #.# # #..# #.#.#
#.##.# # #..######
....#####.##.# # #.).....#
###....##.##.# # #.#####.#
#.##.##.##.# # #.# #.###
.###.##.##.##.# #


You could see 2 gnolls and a bat.

Vanquished Creatures
  A human zombie (D:2)
  Jessica (D:2)
  4 adders (D:2)
  A dart slug (D:1)
  2 leopard geckos (D:1)
  2 giant cockroaches (D:2)
  2 goblins
  3 hobgoblins
  4 kobolds
  5 bats
  A frilled lizard (D:1)
  6 rats
32 creatures vanquished.

Vanquished Creatures (others)
  87 foxfires
87 creatures vanquished.

Grand Total: 119 creatures vanquished

Notes
Turn   | Place    | Note
-------+----------+-------------------------------------------
     0 | D:1      | Azyl the Draconian Fire Elementalist began the quest for
                  | the Orb.
     0 | D:1      | Reached XP level 1. HP: 14/14 MP: 3/3
   492 | D:1      | Reached XP level 2. HP: 20/20 MP: 3/5
   939 | D:2      | Noticed Sigmund
   962 | D:2      | Reached XP level 3. HP: 14/26 MP: 2/6
  1243 | D:2      | Reached skill level 1 in Shields
  1364 | D:2      | Reached XP level 4. HP: 6/33 MP: 0/7
  1619 | D:2      | Noticed Jessica
  1629 | D:2      | Killed Jessica
  1629 | D:2      | Reached skill level 4 in Fire Magic
  1899 | D:2      | Found a runed translucent door.
  1899 | D:2      | Noticed a human
  1907 | D:2      | Found a basalt altar of Yredelemnul.
  1998 | D:2      | Slain by Sigmund

Illustrated notes

Levels and vault maps discovered:
D:1:      psy_arrival_basics, layout_basic
D:2:      layout_loops_ring, makhleb_grotto_becter, minmay_misc_feat_rows,
          dk_yredelemnul_ordeal, uniq_jessica, uniq_sigmund

Skill      XL: |  1  2  3  4 |
---------------+-------------+-----
Shields        | 1 |  1.6
Fire Magic     | 4 |  4.4
Maces & Flails | |  0.3
Dodging        | |  1.7
Stealth        | |  1.7
Unarmed Combat | |  0.4
Spellcasting   | |  2.5
Conjurations   | |  1.8

Action                   |  1- 3 |  4- 6 || total
-------------------------+-------+-------++-------
Melee: Unarmed           |     5 |       ||     5
       Club              |    25 |    27 ||    52
 Cast: Foxfire           |    37 |    14 ||    51
 Stab: Sleeping          |     1 |     1 ||     2
  Eat: Chunk             |     2 |     2 ||     4
Armor: Skin              |    17 |    36 ||    53
Dodge: Dodged            |    27 |    39 ||    66
Block: Buckler           |     2 |    10 ||    12

Table legend:
 A = Non-vault XP
 B = Vault XP
 C = Vault XP percentage of total XP
 D = Non-vault monster count
 E = Vault monster count
 F = Vault count percentage of total count
                 A         B        C        D         E       F
            +---------+---------+-------+---------+---------+-------
      Total |      98 |      78 |  44.3 |      30 |       2 |   6.2
            +---------+---------+-------+---------+---------+-------
        D:1 |      27 |       0 |   0.0 |      15 |       0 |   0.0
        D:2 |      71 |      78 |  52.3 |      15 |       2 |  11.8
            +---------+---------+-------+---------+---------+-------
